 Dungeon Crawl Stone Soup version 0.31.0-11-ge490571c62 (webtiles) character file.

Game seed: 10407251502607234414

3981 qw the Markself (level 10, 0/56 HPs)
             Began as a Deep Elf Hunter on Feb 3, 2024.
             Slain by a killer bee (3 damage)
             ... on level 9 of the Dungeon.
             The game lasted 00:00:34 (6521 turns).

qw the Markself (Deep Elf Hunter)                   Turns: 6521, Time: 00:00:34

Health: 0/56       AC:  2    Str: 13    XL:     10   Next: 2%
Magic:  4/4        EV: 14    Int: 15    God:
Gold:   167        SH:  0    Dex: 20    Spells: 9/9 levels left

rFire   + . .        e - +10 longbow of Imminent Death {antimagic, ^Drain Fly Str+3}
rCold   . . .        (shield currently unavailable)
rNeg    . . .        t - +1 ring mail "Biczasao" {+Blink rF+}
rPois   +            p - +0 helmet
rElec   .            a - +0 cloak
rCorr   +            m - +0 pair of gloves
SInv    .            c - +0 pair of boots of Kagypul {+Blink rPois rCorr}
Will    +....        w - amulet of faith
Stlth   +            (no ring)
HPRegen 0.29/turn    (no ring)
MPRegen 0.09/turn

%: faith
@: about to teleport, corroded, flying
A: no striking features
a: Evoke Blink


You were on level 9 of the Dungeon.
You visited 2 branches of the dungeon, and saw 10 of its levels.

You collected 867 gold pieces.
You spent 700 gold pieces at shops.


   Skills:
 - Level 4.1 Fighting
 + Level 16.7 Ranged Weapons
 - Level 2.0 Armour
 - Level 6.0 Dodging
 - Level 1.2 Stealth


You had 9 spell levels left.
You didn't know any spells.
Your spell library was empty.

Inventory:

Hand Weapons
 e - the +10 longbow of Imminent Death (weapon) {antimagic, ^Drain Fly Str+3}
   (You acquired it on level 1 of the Dungeon)

   Str+3:     It affects your strength (+3).
   Fly:       It grants you flight.
   ^Drain:    It drains your maximum health when unequipped.
Armour
 a - a +0 cloak (worn)
 c - the +0 pair of boots of Kagypul (worn) {+Blink rPois rCorr}
   (You acquired it on level 1 of the Dungeon)

   rPois:     It protects you from poison +Blink: It lets you blink.
   rCorr:     It protects you from acid and corrosion.
 d - the +4 leather armour of Spring Thaw {MP+9 Str+4}
   (You found it on level 6 of the Dungeon)

   Str+4:     It affects your strength (+4).
   MP+9:      It affects your magic capacity (+9).
 m - a +0 pair of gloves (worn)
 p - a +0 helmet (worn)
 s - a +2 leather armour of poison resistance
 t - the +1 ring mail "Biczasao" (worn) {+Blink rF+}
   (You found it on level 5 of the Dungeon)

   rF+:       It protects you from fire.
   +Blink:    It lets you blink.
Jewellery
 g - an amulet of the acrobat
 w - an amulet of faith (around neck)
 x - an amulet of guardian spirit
Wands
 f - a wand of iceblast (3)
 k - a wand of mindburst (5)
 u - a wand of paralysis (7)
Scrolls
 b - 4 scrolls of teleportation
 j - a scroll of enchant weapon
Potions
 h - 2 potions of cancellation
 i - 2 potions of curing
 l - a potion of mutation
 o - a potion of enlightenment
 v - a potion of might

Dungeon Overview and Level Annotations

Branches:
Dungeon (9/15)             Temple (1/1) D:5
   Lair: D:8-11         Orc: D:9-12

Altars:
Cheibriados
Dithmenos
Elyvilon
Fedhas
Hepliaklqana
Makhleb
Nemelex Xobeh
Okawaru
Ru
Sif Muna
Trog
Uskayaw
Vehumet
Wu Jian
Xom
Yredelemnul
Zin
The Shining One

Shops:
D:1 :*![:   D:8 *

Annotations:
D:5 1 runed translucent door, Crazy Yiuf


Message History

You feel sick. The killer bee stings you!
You shoot an arrow. The arrow hits the killer bee.
The killer bee is lightly wounded.
You feel sick. The gnoll closely misses you. The killer bee stings you.
6514 ||| READING 6 scrolls of teleportation.
As you read the scroll of teleportation, it crumbles to dust.
You feel strangely unstable.
You feel sick. The killer bee stings you.
The gnoll hits you from afar with a +0 spear.
The killer bee stings you but does no damage.
6515 ||| DRINKING potion of heal wounds.
You feel much better.
You feel sick. The killer bee closely misses you.
The gnoll hits you from afar with a +0 spear.
The killer bee closely misses you.
You shoot an arrow. The arrow hits the killer bee!
The killer bee is almost dead.
Your surroundings suddenly seem different.
You feel sick.
You shoot an arrow. The arrow hits the shadow!
The shadow is moderately damaged.
You feel sick.
You are no longer poisoned.
Enter note:
Enter note:
6518 ||| RETREEEEATING.
Enter note:
Enter note:
6519 ||| RETREEEEATING.
The killer bee attacks as it pursues you!
The killer bee barely misses you. The killer bee stings you.
6520 ||| READING 5 scrolls of teleportation.
As you read the scroll of teleportation, it crumbles to dust.
You feel strangely unstable. The killer bee closely misses you.
The killer bee stings you. The shadow hits you!
Enter note:
6521 ||| RETREEEEATING.
The killer bee stings you.
You die...

# .. ##+#### ...
#.....# .... #.....#
.....##.....#
.......y....#
###.#.@yW..# #..y...#
#......# #.g....#
#?#+####
#########.#.#
............# #
#########.#.####.. .#
#####................


You could see a shadow, 3 killer bees and a gnoll.

Vanquished Creatures
  Pikel (D:5)
  Psyche (D:9)
  A hornet (D:6)
  Eustachio (D:6)
  2 steam dragons
  Pargi (D:4)
  3 orc warriors
  An ice beast (D:8)
  A sky beast (D:8)
  An ogre (D:6)
  2 centaurs (D:9)
  A lemure (D:5)
  A phantom (D:7)
  3 kobold brigands
  A bullfrog (D:7)
  3 scorpions (D:5)
  A gnoll sergeant (D:8)
  7 howler monkeys
  A jelly (D:6)
  4 hounds
  2 bombardier beetles (D:6)
  3 gnoll boudas
  5 orc priests
  2 iguanas (D:5)
  Ijyb (D:3)
  6 orc wizards
  15 gnolls
  8 adders
  A shadow imp (D:5)
  A white imp (D:8)
  4 dart slugs
  18 orcs
  4 ball pythons
  2 endoplasms
  7 giant cockroaches
  5 goblins
  4 hobgoblins
  2 jackals (D:1)
  3 quokkas
  8 bats
  4 frilled lizards
  15 kobolds
  6 rats
163 creatures vanquished.

Notes
Turn   | Place    | Note
-------+----------+-------------------------------------------
     0 | D:1      | qw the Deep Elf Hunter began the quest for the Orb.
     0 | D:1      | Reached XP level 1. HP: 12/12 MP: 3/3
     0 | D:1      | 0 ||| qw: Version: 0.3-a-157-g843a77d
     0 | D:1      | 0 ||| qw: Game counter: 3655
     0 | D:1      | 0 ||| qw: Melee chars always use a shield: true
     0 | D:1      | 0 ||| qw: God list: Okawaru
     0 | D:1      | 0 ||| qw: Allow faded altars: false
     0 | D:1      | 0 ||| qw: Do Orc after clearing Dungeon:15 true
     0 | D:1      | 0 ||| qw: Do second Lair branch before Depths: true
     0 | D:1      | 0 ||| qw: Lair rune preference: random
     0 | D:1      | 0 ||| qw: Goals: Normal
     0 | D:1      | 0 ||| PLANNING D:1-11
    42 | D:1      | Found Ekigyash's Book Shoppe.
    92 | D:1      | Found Xumesegh's General Store.
   101 | D:1      | 101 ||| SHOPLISTING 2 potions of enlightenment (130 gold,
                  | have 14).
   101 | D:1      | 101 ||| SHOPLISTING potion of curing (39 gold, have 14).
   101 | D:1      | 101 ||| SHOPLISTING scroll of identify (26 gold, have 14).
   153 | D:1      | Reached XP level 2. HP: 16/16 MP: 4/4
   155 | D:1      | Reached skill level 6 in Ranged Weapons
   197 | D:1      | Found Orphirch's Distillery.
   197 | D:1      | Found Vaxzynuf's Armour Emporium.
   209 | D:1      | 209 ||| SHOPLISTING +0 pair of boots "Leimis" {Regen+ Int-2
                  | Dex-4 Slay+5} (278 gold, have 14).
   209 | D:1      | 209 ||| SHOPLISTING +1 pair of gloves of infusion (231
                  | gold, have 14).
   211 | D:1      | 211 ||| SHOPLISTING potion of haste (100 gold, have 14).
   211 | D:1      | 211 ||| SHOPLISTING potion of heal wounds (50 gold, have
                  | 14).
   211 | D:1      | 211 ||| SHOPLISTING potion of mutation (80 gold, have 14).
   268 | D:1      | Found a faded altar of an unknown god.
   437 | D:1      | Found Pugoczopeo's Book Emporium.
   799 | D:1      | 799 ||| UPGRADING to +0 ring mail.
   809 | D:1      | 809 ||| DROPPING +0 leather armour.
   810 | D:1      | 810 ||| READING 2 scrolls labelled ZUIRIRHENKO.
   810 | D:1      | Identified 2 scrolls of acquirement
   810 | D:1      | 810 ||| ACQUIRING +10 longbow of Imminent Death {antimagic,
                  | ^Drain Fly Str+3}
   810 | D:1      | Acquired the +10 longbow of Imminent Death {antimagic,
                  | ^Drain Fly Str+3}
   811 | D:1      | 811 ||| READING scroll of acquirement.
   811 | D:1      | 811 ||| ACQUIRING +0 pair of boots of Kagypul {+Blink rPois
                  | rCorr}
   811 | D:1      | Acquired the +0 pair of boots of Kagypul {+Blink rPois
                  | rCorr}
   813 | D:1      | 813 ||| SWAPPING to +10 longbow of Imminent Death
                  | {antimagic, ^Drain Fly Str+3}.
   814 | D:1      | 814 ||| UPGRADING to +0 pair of boots of Kagypul {+Blink
                  | rPois rCorr}.
   819 | D:1      | 819 ||| DROPPING +0 shortbow.
   820 | D:1      | 820 ||| DROPPING scroll of butterflies.
   860 | D:2      | Reached XP level 3. HP: 20/20 MP: 1/5
   989 | D:2      | Reached skill level 7 in Ranged Weapons
  1059 | D:2      | 1059 ||| FLEEEEING.
  1060 | D:2      | 1060 ||| FLEEEEING.
  1061 | D:2      | 1061 ||| FLEEEEING.
  1062 | D:2      | 1062 ||| FLEEEEING.
  1063 | D:2      | 1063 ||| FLEEEEING.
  1064 | D:2      | 1064 ||| FLEEEEING.
  1065 | D:2      | 1065 ||| FLEEEEING.
  1066 | D:2      | 1066 ||| FLEEEEING.
  1598 | D:2      | 1598 ||| READING 4 scrolls labelled DUECVO NUIGAM.
  1598 | D:2      | 1598 ||| IDENTIFYING cyan potion
  1599 | D:2      | 1599 ||| READING 3 scrolls of identify.
  1599 | D:2      | 1599 ||| IDENTIFYING brown potion
  1600 | D:2      | 1600 ||| READING 2 scrolls of identify.
  1600 | D:2      | 1600 ||| IDENTIFYING silvery potion
  1601 | D:2      | 1601 ||| READING scroll of identify.
  1601 | D:2      | 1601 ||| IDENTIFYING murky golden potion
  1602 | D:2      | 1602 ||| READING scroll labelled HITTOFOHOUTZ.
  1603 | D:2      | 1603 ||| READING scroll labelled MACZEL LUVOXZO.
  1604 | D:2      | 1604 ||| DRINKING 2 puce potions.
  1605 | D:2      | 1605 ||| DRINKING 2 ruby potions.
  1606 | D:2      | 1606 ||| DROPPING potion of attraction.
  1607 | D:2      | 1607 ||| DROPPING potion of degeneration.
  1630 | D:3      | 1630 ||| PLANNING SEWER
  1634 | D:3      | Reached XP level 4. HP: 25/25 MP: 2/6
  1884 | D:3      | Noticed Ijyb
  1886 | D:3      | Killed Ijyb
  1972 | D:3      | Reached skill level 8 in Ranged Weapons
  2005 | D:3      | Reached XP level 5. HP: 29/29 MP: 2/7
  2050 | D:3      | Found a basalt altar of Yredelemnul.
  2346 | D:3      | 2346 ||| RIP SEWER
  2371 | D:3      | 2371 ||| PLANNING D:1-11
  2572 | D:3      | 2572 ||| UPGRADING to +0 pair of gloves.
  2577 | D:3      | 2577 ||| UPGRADING to +0 helmet.
  2582 | D:3      | 2582 ||| READING scroll labelled FUAGEE DUMAYV.
  2683 | D:3      | 2683 ||| READING 2 scrolls labelled KYILAZ MYH.
  2684 | D:3      | 2684 ||| READING scroll labelled YCLUEW YNYH.
  2689 | D:3      | 2689 ||| READING scroll labelled ANIAPLOUD.
  2690 | D:3      | 2690 ||| DROPPING scroll of revelation.
  2733 | D:4      | Reached skill level 9 in Ranged Weapons
  2742 | D:4      | Reached skill level 1 in Armour
  2747 | D:4      | Reached XP level 6. HP: 35/35 MP: 2/8
  2795 | D:4      | Found a shimmering blue altar of Sif Muna.
  2902 | D:4      | Found a blossoming altar of Fedhas.
  2986 | D:4      | Noticed Pargi
  2987 | D:4      | 2987 ||| DRINKING 2 potions of haste.
  2997 | D:4      | Killed Pargi
  2998 | D:4      | Reached skill level 3 in Dodging
  3184 | D:4      | Found a burning altar of Makhleb.
  3472 | D:4      | 3472 ||| UPGRADING to +0 cloak.
  3477 | D:4      | 3477 ||| UPGRADING to +0 troll leather armour {Pargi}.
  3487 | D:4      | 3487 ||| DROPPING +0 ring mail.
  3488 | D:4      | 3488 ||| UPGRADING to amulet of the acrobat.
  3503 | D:5      | Entered Level 5 of the Dungeon
  3510 | D:5      | 3510 ||| READING scroll of acquirement.
  3510 | D:5      | 3510 ||| ACQUIRING 488 gold pieces
  3510 | D:5      | Acquired 488 gold pieces
  3530 | D:5      | Found a staircase to the Ecumenical Temple.
  3531 | D:5      | 3531 ||| PLANNING TEMPLE
  3542 | Temple   | Entered the Ecumenical Temple
  3543 | Temple   | 3543 ||| PLANNING D:1-11
  3583 | D:5      | Reached skill level 10 in Ranged Weapons
  3583 | D:5      | Reached XP level 7. HP: 40/40 MP: 3/9
  3635 | D:5      | Found a snail-covered altar of Cheibriados.
  3774 | D:5      | Identified the +1 ring mail "Biczasao" {+Blink rF+}
  3849 | D:5      | Reached skill level 11 in Ranged Weapons
  4070 | D:5      | Noticed Pikel
  4071 | D:5      | 4071 ||| RETREEEEATING.
  4074 | D:5      | 4074 ||| RETREEEEATING.
  4078 | D:5      | 4078 ||| FLEEEEING.
  4079 | D:5      | 4079 ||| DRINKING potion of haste.
  4085 | D:5      | Killed Pikel
  4086 | D:5      | Reached skill level 13 in Ranged Weapons
  4086 | D:5      | Reached XP level 8. HP: 27/44 MP: 3/10
  4130 | D:5      | Found a runed translucent door.
  4131 | D:5      | Noticed Crazy Yiuf
  4358 | D:5      | 4358 ||| UPGRADING to +1 ring mail "Biczasao" {+Blink rF+}.
  4368 | D:5      | 4368 ||| DROPPING +0 troll leather armour {Pargi}.
  4369 | D:5      | 4369 ||| READING scroll of identify.
  4369 | D:5      | 4369 ||| IDENTIFYING pink potion
  4370 | D:5      | 4370 ||| DRINKING 2 fuming brown potions.
  4371 | D:5      | 4371 ||| DROPPING potion of berserk rage.
  4372 | D:5      | 4372 ||| DROPPING potion of brilliance.
  4392 | D:6      | Noticed Eustachio
  4395 | D:6      | Killed Eustachio
  4396 | D:6      | Reached skill level 3 in Fighting
  4442 | D:6      | Noticed a hornet
  4443 | D:6      | 4443 ||| RETREEEEATING.
  4444 | D:6      | 4444 ||| RETREEEEATING.
  4445 | D:6      | 4445 ||| RETREEEEATING.
  4446 | D:6      | 4446 ||| RETREEEEATING.
  4447 | D:6      | 4447 ||| RETREEEEATING.
  4448 | D:6      | 4448 ||| ZAPPING wand of paralysis (8) at 0,-1 (hornet;
                  | floor).
  4452 | D:6      | Killed a hornet
  4457 | D:6      | Reached skill level 14 in Ranged Weapons
  4516 | D:6      | Reached XP level 9. HP: 50/50 MP: 3/11
  4576 | D:6      | Found a sacrificial altar of Ru.
  4583 | D:6      | Identified the +4 leather armour of Spring Thaw {MP+9
                  | Str+4}
  4769 | D:6      | 4769 ||| READING scroll of identify.
  4769 | D:6      | 4769 ||| IDENTIFYING lumpy black potion
  4770 | D:6      | 4770 ||| READING scroll labelled PIEPSU RELU.
  5294 | D:7      | Reached skill level 15 in Ranged Weapons
  5309 | D:7      | Found a flagged portal.
  5503 | D:7      | Found a white marble altar of Elyvilon.
  5597 | D:7      | Reached skill level 6 in Dodging
  5843 | D:7      | 5843 ||| READING 2 scrolls of identify.
  5843 | D:7      | 5843 ||| IDENTIFYING inky potion
  5844 | D:7      | 5844 ||| READING scroll of identify.
  5844 | D:7      | 5844 ||| IDENTIFYING fuming amethyst potion
  5845 | D:7      | 5845 ||| DROPPING potion of magic.
  6011 | D:8      | Reached skill level 16 in Ranged Weapons
  6052 | D:8      | Found an iron altar of Okawaru.
  6169 | D:8      | Found Souhem's Neck Hole.
  6175 | D:8      | 6175 ||| BUYING amulet of faith (400 gold).
  6175 | D:8      | Bought an amulet of faith for 400 gold pieces
  6175 | D:8      | 6175 ||| BUYING amulet of guardian spirit (300 gold).
  6175 | D:8      | Bought an amulet of guardian spirit for 300 gold pieces
  6175 | D:8      | 6175 ||| SHOPLISTING scarf of resistance (320 gold, have
                  | 154).
  6418 | D:8      | 6418 ||| UPGRADING to amulet of faith.
  6428 | D:8      | 6428 ||| READING scroll of identify.
  6428 | D:8      | 6428 ||| IDENTIFYING fizzy coppery potion
  6429 | D:8      | 6429 ||| READING scroll labelled WOSIOLIVUCK.
  6459 | D:9      | Noticed Psyche
  6462 | D:9      | 6462 ||| RETREEEEATING.
  6464 | D:9      | Killed Psyche
  6468 | D:9      | Reached XP level 10. HP: 56/56 MP: 4/12
  6507 | D:9      | 6507 ||| RETREEEEATING.
  6508 | D:9      | 6508 ||| RETREEEEATING.
  6509 | D:9      | 6509 ||| RETREEEEATING.
  6510 | D:9      | 6510 ||| RETREEEEATING.
  6511 | D:9      | 6511 ||| RETREEEEATING.
  6513 | D:9      | HP: 13/56 [killer bee (3)]
  6514 | D:9      | 6514 ||| READING 6 scrolls of teleportation.
  6514 | D:9      | HP: 5/56 [gnoll/+0 spear[a gnoll bouda] (6)]
  6515 | D:9      | 6515 ||| DRINKING potion of heal wounds.
  6518 | D:9      | 6518 ||| RETREEEEATING.
  6519 | D:9      | 6519 ||| RETREEEEATING.
  6519 | D:9      | HP: 13/56 [killer bee (6)]
  6520 | D:9      | 6520 ||| READING 5 scrolls of teleportation.
  6520 | D:9      | HP: 3/56 [shadow (7)]
  6521 | D:9      | 6521 ||| RETREEEEATING.
  6521 | D:9      | Slain by a killer bee

Levels and vault maps discovered:
D:1:      minmay_arrival_five_plusses, layout_basic, basic_ecumenical_altar,
          serial_shops, shop, shop, shop, nicolae_shop_just_a_little_nook,
          nicolae_shop_hallway_stairs, nicolae_eternal_life
D:2:      layout_basic, minmay_quadrilaterals
D:3:      layout_basic, mainiacjoe_overflow_small_starburst,
          gup_sewer_entry_bowl, minmay_cupped, uniq_ijyb
D:4:      layout_basic, nicolae_overflow_crystal_walls, kennysheep_mini_moat,
          amcnicky_altar_gilded, uniq_pargi
D:5:      kennysheep_spiral_hall, layout_loops_ring, kennysheep_slug_shrine,
          temple_green, uniq_crazy_yiuf_cottage, uniq_pikel
D:6:      layout_rooms, general_overflow_altar, uniq_eustachio
D:7:      layout_loops_ring, kennysheep_mini, enter_bailey_8,
          nicolae_hexahallways, feat_on_display
D:8:      layout_gridville, nicolae_overflow_hidden_temple, minivault_5,
          nicolae_shop_sticking_my_neck_out
D:9:      minmay_chambers_of_sevens, layout_basic, minitemple, uniq_gastronok,
          uniq_erolcha, uniq_psyche
Temple:   compressed_dpeg_circular_temple

Skill      XL: |  1  2  3  4  5  6  7  8  9 |
---------------+----------------------------+-----
Ranged Weapons | 6 7 8 9 10 13 14 16 | 16.7
Armour         | 1 2 |  2.0
Fighting       | 2 3 4 |  4.1
Dodging        | 3 4 5 6 |  6.0
Stealth        | |  1.2

Action                     |  1- 3 |  4- 6 |  7- 9 | 10-12 || total
---------------------------+-------+-------+-------+-------++-------
   Fire: Shortbow          |    52 |       |       |       ||    52
         Longbow           |    23 |    65 |   186 |    14 ||   288
  Evoke: Wand              |       |       |     1 |       ||     1
    Use: Scroll            |     8 |     5 |     7 |     2 ||    22
         Potion            |     2 |     1 |     2 |     1 ||     6
 Armour: Leather armour    |     4 |       |       |       ||     4
         Ring mail         |     2 |     9 |    20 |    20 ||    51
         Troll leather arm |       |     6 |     6 |       ||    12
  Dodge: Dodged            |     8 |    11 |    28 |    20 ||    67

Table legend:
 A = Non-vault XP
 B = Vault XP
 C = Vault XP percentage of total XP
 D = Non-vault monster count
 E = Vault monster count
 F = Vault count percentage of total count
                 A         B        C        D         E       F
            +---------+---------+-------+---------+---------+-------
      Total |    4171 |    1517 |  26.7 |     142 |      20 |  12.3
            +---------+---------+-------+---------+---------+-------
        D:1 |      39 |       0 |   0.0 |      21 |       0 |   0.0
        D:2 |      27 |      30 |  52.6 |       9 |       5 |  35.7
        D:3 |     124 |      44 |  26.2 |      20 |       6 |  23.1
        D:4 |     144 |     136 |  48.6 |       5 |       1 |  16.7
        D:5 |     566 |     771 |  57.7 |      16 |       6 |  27.3
        D:6 |     905 |     196 |  17.8 |      19 |       1 |   5.0
        D:7 |     896 |       0 |   0.0 |      22 |       0 |   0.0
        D:8 |    1117 |       0 |   0.0 |      23 |       0 |   0.0
        D:9 |     353 |     340 |  49.1 |       7 |       1 |  12.5
            +---------+---------+-------+---------+---------+-------
